 Dungeon Crawl Stone Soup version 0.31.0-11-ge490571c62 (webtiles) character file.

Game seed: 844632537220279975

425 qw the Shooter (level 6, -2/30 HPs)
             Began as a Spriggan Hunter on Feb 4, 2024.
             Incinerated by a bombardier beetle (3 damage)
             ... with a burning spray
             ... on level 4 of the Dungeon.
             The game lasted 00:00:43 (2455 turns).

qw the Shooter (Spriggan Hunter)                    Turns: 2455, Time: 00:00:43

Health: -2/30      AC:  3    Str:  7    XL:     6   Next: 64%
Magic:  7/7        EV: 21    Int: 11    God:
Gold:   120        SH:  0    Dex: 20    Spells: 5/5 levels left

rFire   . . .        a - +0 shortbow
rCold   . . .        (shield currently unavailable)
rNeg    . . .        c - +0 robe
rPois   .            (helmet restricted)
rElec   .            b - +0 cloak
rCorr   .            (gloves unavailable)
SInv    +            (boots unavailable)
Will    +....        k - amulet of faith
Stlth   +            (no ring)
HPRegen 0.25/turn    (no ring)
MPRegen 0.10/turn

%: faith
@: lethally poisoned (-2 -> -6), on fire, about to teleport, glowing, very quick
A: very small, no large weapons, unfitting armour, see invisible, speed 3
a: no special abilities


You were on level 4 of the Dungeon.
You visited 1 branch of the dungeon, and saw 4 of its levels.

You collected 120 gold pieces.


Innate Abilities, Weirdness & Mutations

You are very small and have problems with some larger weapons.
You are too small for most types of armour.
You have supernaturally acute eyesight. (SInv)
You cover ground extremely quickly. (Speed+++)


   Skills:
 - Level 2.0 Fighting
 - Level 6.8 Ranged Weapons
 + Level 5.8 Dodging
 - Level 1.5 Stealth


You had 5 spell levels left.
You didn't know any spells.
Your spell library was empty.

Inventory:

Hand Weapons
 a - a +0 shortbow (weapon)
Armour
 b - a +0 cloak (worn)
 c - a +0 robe (worn)
Jewellery
 k - an amulet of faith (around neck)
Potions
 d - a potion of mutation
 f - 2 potions of curing
 h - a potion of cancellation {unknown}
 i - a potion of heal wounds {unknown}

Dungeon Overview and Level Annotations

Branches:
Dungeon (4/15)
 Temple: D:4-7

Altars:
Wu Jian

Annotations:
D:3 1 runed translucent door, Crazy Yiuf


Message History

The adder closely misses you.
An adder comes into view.
The adder bites you but does no damage.
You shoot an arrow. The arrow hits the bombardier beetle.
The bombardier beetle is almost dead.
The adder misses you.
The bombardier beetle sprays incendiary fluid at you.
The burning spray hits you.
You are covered in liquid fire!
You shoot an arrow. The arrow hits the bombardier beetle.
You kill the bombardier beetle!
The liquid fire burns you! The adder barely misses you. The adder bites you.
You shoot an arrow. The arrow hits the adder!
You kill the adder!
The liquid fire burns you! The adder bites you.
You are poisoned.
The adder poisons you! The adder bites you but does no damage.
You shoot an arrow. The arrow barely misses the adder.
The liquid fire burns you!
You feel sick. The adder bites you.
You are more poisoned.
The adder poisons you!
You shoot an arrow. The arrow hits the adder.
The adder is moderately wounded.
The liquid fire burns you!
You feel sick. The adder closely misses you.
The adder bites you but does no damage.
You shoot an arrow. The arrow closely misses the adder.
The liquid fire burns you!
You feel sick. The adder closely misses you.
2454 ||| READING scroll of teleportation.
As you read the scroll of teleportation, it crumbles to dust.
You feel strangely unstable. The liquid fire burns you!
You feel sick. The adder misses you.
You shoot an arrow. The arrow barely misses the adder.
The liquid fire burns you!
You die...

###############
#......<.......
+..............
..#####.........
#............<
#.###.........
#..%@S......
#.###..###.. #.
..# #+ # ....
...## ...# ..##
#+.


You could see an adder.

Vanquished Creatures
  Sigmund (D:3)
  2 bombardier beetles
  A hound (D:3)
  An orc priest (D:2)
  6 adders
  3 gnolls (D:3)
  A ribbon worm (D:2)
  6 orcs
  5 endoplasms
  2 giant cockroaches
  2 hobgoblins (D:1)
  4 jackals (D:3)
  3 quokkas
  4 ball pythons
  7 bats
  3 frilled lizards
  3 goblins
  A kobold (D:1)
  5 rats
60 creatures vanquished.

Notes
Turn   | Place    | Note
-------+----------+-------------------------------------------
     0 | D:1      | qw the Spriggan Hunter began the quest for the Orb.
     0 | D:1      | Reached XP level 1. HP: 10/10 MP: 2/2
     0 | D:1      | 0 ||| qw: Version: 0.3-a-160-g6735b56
     0 | D:1      | 0 ||| qw: Game counter: 5946
     0 | D:1      | 0 ||| qw: Melee chars always use a shield: true
     0 | D:1      | 0 ||| qw: God list: Okawaru
     0 | D:1      | 0 ||| qw: Allow faded altars: false
     0 | D:1      | 0 ||| qw: Do Orc after clearing Dungeon:15 true
     0 | D:1      | 0 ||| qw: Do second Lair branch before Depths: true
     0 | D:1      | 0 ||| qw: Lair rune preference: random
     0 | D:1      | 0 ||| qw: Goals: Normal
     0 | D:1      | 0 ||| PLANNING D:1-11
     2 | D:1      | You fall into a shaft and drop 1 floor!
    50 | D:2      | Reached skill level 3 in Dodging
   112 | D:2      | Reached XP level 2. HP: 14/14 MP: 3/3
   119 | D:2      | 119 ||| READING scroll labelled COCY JUC NORGH.
   120 | D:2      | 120 ||| DROPPING scroll of butterflies.
   643 | D:1      | Reached XP level 3. HP: 18/18 MP: 4/4
   918 | D:1      | 918 ||| READING scroll labelled OMIOM OSONNU.
   923 | D:1      | 923 ||| READING scroll labelled ADWEITZ HUFO.
   923 | D:1      | 923 ||| IDENTIFYING bubbling orange potion
   924 | D:1      | 924 ||| READING scroll labelled LIUMIT NOYSYAWN.
  1061 | D:2      | Reached skill level 5 in Ranged Weapons
  1062 | D:2      | Reached XP level 4. HP: 22/22 MP: 5/5
  1505 | D:2      | 1505 ||| UPGRADING to +0 cloak.
  1510 | D:2      | 1510 ||| READING 2 scrolls of identify.
  1510 | D:2      | 1510 ||| IDENTIFYING emerald potion
  1511 | D:2      | 1511 ||| READING scroll of identify.
  1511 | D:2      | 1511 ||| IDENTIFYING blue potion
  1512 | D:2      | 1512 ||| READING scroll labelled NAITUPLORA.
  1513 | D:2      | 1513 ||| DROPPING potion of berserk rage.
  1546 | D:3      | 1546 ||| STAIRDANCE
  1550 | D:3      | 1550 ||| STAIRDANCE
  1946 | D:3      | Reached XP level 5. HP: 24/26 MP: 6/6
  2028 | D:3      | Found a runed translucent door.
  2029 | D:3      | Noticed Crazy Yiuf
  2150 | D:3      | Found an ornate altar of the Wu Jian Council.
  2151 | D:3      | Noticed Sigmund
  2167 | D:3      | 2167 ||| DRINKING 3 potions of curing.
  2167 | D:3      | 2167 ||| (to cure confusion)
  2173 | D:3      | Killed Sigmund
  2174 | D:3      | Reached skill level 6 in Ranged Weapons
  2174 | D:3      | Reached XP level 6. HP: 15/30 MP: 7/7
  2321 | D:3      | 2321 ||| UPGRADING to amulet of faith.
  2326 | D:3      | 2326 ||| READING scroll labelled JUCALI HUPHEPP.
  2327 | D:3      | 2327 ||| READING scroll labelled IMIAWN ENKI.
  2328 | D:3      | 2328 ||| READING scroll labelled XIFYOT ELESM.
  2425 | D:4      | 2425 ||| STAIRDANCE
  2453 | D:4      | HP: 7/30 [burnt (3)]
  2454 | D:4      | 2454 ||| READING scroll of teleportation.
  2454 | D:4      | HP: 1/30 [burnt (4)]
  2455 | D:4      | Incinerated by a bombardier beetle

Levels and vault maps discovered:
D:1:      onia_arrival_mini_spirals, layout_basic, minmay_misc_feat_room
D:2:      cheibrodos_pilgrimage, layout_loops_ring
D:3:      layout_loops_cross, mainiacjoe_overflow_chevrons,
          uniq_crazy_yiuf_cottage, uniq_sigmund
D:4:      layout_gridville, kennysheep_mini_moat, serial_co_window_serial,
          co_window_paths_b, co_window_cross_1, co_window_corner_a,
          co_window_corner_a, co_window_of_opportunity_a, co_window_2corner,
          co_window_corner_b, co_window_of_opportunity_b,
          co_window_unsneaky_path_a, co_window_sun, nicolae_wooded_promenade,
          kennysheep_generic_room_9, uniq_blork_the_orc

Skill      XL: |  1  2  3  4  5 |
---------------+----------------+-----
Dodging        | 4 5 |  5.8
Ranged Weapons | 5 6 |  6.8
Fighting       | 2 |  2.0
Stealth        | |  1.5

Action                     |  1- 3 |  4- 6 || total
---------------------------+-------+-------++-------
   Fire: Shortbow          |    90 |   116 ||   206
    Use: Scroll            |     4 |     7 ||    11
         Potion            |       |     1 ||     1
 Armour: Robe              |     8 |    23 ||    31
  Dodge: Dodged            |    24 |    57 ||    81

Table legend:
 A = Non-vault XP
 B = Vault XP
 C = Vault XP percentage of total XP
 D = Non-vault monster count
 E = Vault monster count
 F = Vault count percentage of total count
                 A         B        C        D         E       F
            +---------+---------+-------+---------+---------+-------
      Total |     338 |     270 |  44.4 |      56 |       4 |   6.7
            +---------+---------+-------+---------+---------+-------
        D:1 |      30 |       0 |   0.0 |      19 |       0 |   0.0
        D:2 |      62 |      47 |  43.1 |      15 |       3 |  16.7
        D:3 |     185 |     223 |  54.7 |      20 |       1 |   4.8
        D:4 |      61 |       0 |   0.0 |       2 |       0 |   0.0
            +---------+---------+-------+---------+---------+-------
